 Dungeon Crawl Stone Soup version 0.28-a0-845-gfc338a8e3c (webtiles) character file.

Game seed: 13303681859158955269

400 siradein the Poker (level 6, -1/48 HPs)
             Began as a Merfolk Gladiator on Nov 13, 2021.
             Slain by an orc priest (3 damage)
             ... on level 3 of the Dungeon.
             The game lasted 00:04:22 (2782 turns).

siradein the Poker (Merfolk Gladiator)              Turns: 2782, Time: 00:04:23

Health: -1/48      AC:  5    Str: 15    XL:     6   Next: 84%
Magic:  6/6        EV: 14    Int:  7    God:
Gold:   132        SH:  0    Dex: 17    Spells: 5/5 levels left

rFire   . . .      SeeInvis .   r - +0 halberd
rCold   . . .      Faith    .   (shield currently unavailable)
rNeg    . . .      Spirit   .   q - +0 troll leather armour
rPois   .          Reflect  .   c - +0 helmet
rElec   .          Harm     .   (no cloak)
rCorr   .          Rampage  .   (no gloves)
Will    .....                   (no boots)
Stlth   +.........              (no amulet)
HPRegen 1.16/turn               (no ring)
MPRegen 0.10/turn               (no ring)

@: no status effects
A: (nimble swimmer 2), mertail
a: no special abilities


You were on level 3 of the Dungeon.
You visited 1 branch of the dungeon, and saw 4 of its levels.

You collected 132 gold pieces.

Inventory:

Hand Weapons
 a - a +0 trident
 r - a +0 halberd (weapon)
Missiles
 d - 3 throwing nets
 i - 23 stones (quivered)
Armour
 c - a +0 helmet (worn)
 q - a +0 troll leather armour (worn)
Wands
 t - a wand of flame (18)
Scrolls
 e - 4 scrolls of noise {unknown}
 f - 2 scrolls of identify {unknown}
 h - a scroll of enchant armour {unknown}
 j - a scroll of teleportation {unknown}
 k - 2 scrolls of summoning {unknown}
 n - a scroll of amnesia {unknown}
Potions
 b - a potion of mutation {unknown}
 g - 2 potions of might {unknown}
 l - a potion of curing {unknown}
 m - a potion of brilliance {unknown}
 o - a potion of berserk rage {unknown}
 p - 3 potions of haste {unknown}
 s - 2 potions of lignification {unknown}


   Skills:
 + Level 3.9 Fighting
 + Level 6.2 Polearms
 + Level 3.5 Throwing
 + Level 2.0 Armour
 + Level 5.6 Dodging


You had 5 spell levels left.
You didn't know any spells.
Your spell library contained the following spells:

 Spells                   Type           Power      Damage    Failure   Level
 Beastly Appendage        Tmut           0%         N/A       50%         1
 Passwall                 Tmut/Erth      0%         N/A       65%         2
 Wereblood                Tmut           0%         N/A       65%         2
 Spider Form              Tmut/Pois      0%         N/A       86%         3
 Swiftness                Air            0%         N/A       86%         3


Dungeon Overview and Level Annotations

Branches:
Dungeon (4/15)
 Temple: D:4-7

Altars:


Innate Abilities, Weirdness & Mutations

((You are quick and stealthy near water. (Stealth+, EV+, Speed+++)))
Your lower body shifts to a powerful aquatic tail in water.


Message History

The orc wizard is lightly wounded.
The orc wizard gestures at you while chanting.
The magic dart hits you.
The orc priest calls down the wrath of Beogh upon you.
Beogh smites you!
You are too injured to fight recklessly!
The orc wizard points at you and mumbles some strange words.
You are confused.
The orc priest hits you with a +0 falchion.
There is a stone staircase leading up here.
The orc priest calls upon Beogh to heal the orc wizard.
The orc wizard's wounds heal themselves!
In your confused state, you trip and fall back down the stairs.
The orc wizard hits you but does no damage.
The orc priest barely misses you.
Unknown command.
The orc wizard gestures wildly while chanting.
The orc wizard flickers and vanishes!
Deactivating autopickup; reactivate with Ctrl-A.
The orc priest barely misses you.
You climb upwards.
Reactivating autopickup.
There is a stone staircase leading down, spattered with blood here.
Things that are here:
a +0 robe; a +0 dagger You closely miss the orc priest.
Something hits you but does no damage.
Deactivating autopickup; reactivate with Ctrl-A.
The orc priest mumbles some strange prayers to Beogh against you.
Beogh smites you!
* * * LOW HITPOINT WARNING * * *
Something hits you but does no damage.
Unknown command.
You're too confused to move!
You feel less confused.
The orc priest hits you with a +0 falchion.
* * * LOW HITPOINT WARNING * * *
Something hits you but does no damage.
You barely miss the orc priest.
The orc priest hits you with a +0 falchion.
You die...

#..#.# #.#.# #.... #..#.#
#.#.################# ##..#.#
#.#..................
#...#.#####.#..#####..#########
#####.#.....#..#)..#..#########
#................#.#...........
#######.#####..###.#...........
#.#....†.....#...........
#.#.##.†@................
#.#....o{.##.#...........
#.........##.#...........
##########..##.#...........
#...........##.#.)#########
#.#########.##.#.)######### #.#
#.##.#..#....).). #.#
#.##.#..#.####### #.######
#.##.#..#.## #


You could see an orc priest.

Vanquished Creatures
  A necrophage (D:3)
  An orc priest (D:3)
  Natasha (thrice) (D:3)
  Ijyb (D:3)
  2 orc wizards (D:3)
  Robin (D:3)
  3 gnolls (D:3)
  An adder (D:2)
  2 worms (D:2)
  2 dart slugs
  7 orcs
  4 ball pythons
  2 bats
  2 endoplasms
  13 goblins
  10 hobgoblins
  5 kobolds
  5 quokkas
  A frilled lizard (D:1)
  2 rats
68 creatures vanquished.

Notes
Turn   | Place    | Note
-------+----------+-------------------------------------------
     0 | D:1      | siradein the Merfolk Gladiator began the quest for the Orb.
     0 | D:1      | Reached XP level 1. HP: 16/16 MP: 1/1
   157 | D:1      | Reached XP level 2. HP: 23/23 MP: 2/2
  1032 | D:2      | Reached XP level 3. HP: 28/28 MP: 3/3
  1580 | D:2      | Reached skill level 5 in Polearms
  1746 | D:3      | Reached XP level 4. HP: 23/34 MP: 4/4
  1758 | D:3      | Reached skill level 1 in Armour
  2013 | D:3      | Reached XP level 5. HP: 36/41 MP: 5/5
  2112 | D:3      | Noticed Ijyb
  2121 | D:3      | Killed Ijyb
  2122 | D:3      | Reached skill level 5 in Dodging
  2205 | D:3      | Noticed Natasha
  2212 | D:3      | Killed Natasha
  2267 | D:3      | Noticed Natasha
  2272 | D:3      | Killed Natasha
  2273 | D:3      | Reached XP level 6. HP: 47/47 MP: 6/6
  2292 | D:3      | Noticed Robin
  2329 | D:3      | Killed Robin
  2346 | D:3      | Noticed Natasha
  2355 | D:3      | Killed Natasha
  2709 | D:4      | Noticed a necrophage
  2728 | D:3      | Killed a necrophage
  2729 | D:3      | Reached skill level 6 in Polearms
  2781 | D:3      | HP: 1/48 [orc priest (5)]
  2782 | D:3      | Slain by an orc priest

Illustrated notes

Levels and vault maps discovered:
D:1:      saegor_arrival_simple_c, layout_basic, minmay_crystal_water
D:2:      layout_rooms
D:3:      layout_basic, uniq_ijyb, uniq_robin, uniq_natasha
D:4:      layout_rooms, minmay_temple_entry_tees, serial_shops, shop,
          serial_corexii_hall, corexii_hall_statues_l, corexii_hall_statues_i,
          uniq_grinder

Skill      XL: |  1  2  3  4  5  6 |
---------------+-------------------+-----
Polearms       | 5 6 |  6.2
Armour         | 1 2 |  2.0
Fighting       | 3 |  3.9
Throwing       | 3 |  3.5
Dodging        | 5 |  5.6

Action                   |  1- 3 |  4- 6 || total
-------------------------+-------+-------++-------
Melee: Trident           |   110 |    24 ||   134
       Halberd           |       |   123 ||   123
Throw: Stone             |       |     1 ||     1
 Stab: Sleeping          |     3 |     1 ||     4
Armor: Leather armour    |    12 |       ||    12
       Troll leather arm |     3 |    41 ||    44
Dodge: Dodged            |    47 |   113 ||   160

Table legend: (Time is in decaauts)
 A = Elapsed time spent in this place.
 B = Non-inter-level travel time spent in this place.
 C = Inter-level travel time spent in this place.
 D = Time resting spent in this place.
 E = Time spent auto-exploring this place.
 F = Levels seen in this place.
 G = Mean time per level.
                   A        B        C        D        E       F      G
               +--------+--------+--------+--------+--------+-----+--------+
         Total |   2815 |   2710 |    105 |      0 |   2145 |   4 |  703.8 |
       Dungeon |   2815 |   2710 |    105 |      0 |   2145 |   4 |  703.8 |
               +--------+--------+--------+--------+--------+-----+--------+

Top non-repeatable levels by time:
     D:3: 1113 daAuts
     D:1: 911 daAuts
     D:2: 754 daAuts
     D:4: 34 daAuts
